AoeStats
← CheekyChuKoNu

Arabia

510373332Analyzed
1v1 RM · 2d ago on Sep 30, 2026· 44m 36s· 2 players
Game mode
Random Map
Map size
Tiny (2 player)
Population
200
Speed
Normal
Resources
Standard
Victory
Conquest
Starting age
Dark Age
Ending age
Imperial Age
RankedLock teamsTeams togetherTeam positionsShared explorationLock speedFull tech treeHidden civsTurbo modeCheats
Victory
Defeat
🇳🇱 Koreans · Netherlands
1466
+15
🇳🇱 Bohemians · Netherlands
1440
-15
Sir_Duncan_The_Gull
4:47 Loom
9:29 Feudal Age
10:34 Double-Bit Axe
14:35 Town Watch
14:59 Fletching
16:35 Scale Barding Armor
21:15 Castle Age
21:28 Crossbowman
22:05 Bodkin Arrow
21:53 Horse Collar
22:26 Bow Saw
22:20 Padded Archer Armor
26:37 Chemistry
29:02 Leather Archer Armor
36:34 Imperial Age
39:27 Block Printing
CheekyChuKoNu
5:58 Loom
9:14 Feudal Age
10:08 Double-Bit Axe
15:40 Fletching
22:00 Castle Age
20:38 Scale Barding Armor
20:27 Gold Mining
20:18 Horse Collar
21:07 Scale Barding Armor
23:18 Bodkin Arrow
23:04 Elite Skirmisher
25:56 Town Watch
27:01 Chain Barding Armor
26:57 Bow Saw
30:58 Wheelbarrow
36:58 Imperial Age
37:52 Bracer
37:58 Heavy Plow
39:15 Ballistics
39:09 Cavalier
41:10 Chemistry
41:19 Forging
43:54 Iron Casting
44:59 Conscription
Connection lost

Rejoining the realm…

Still unreachable

The connection could not be restored.

Session expired

The server has moved on; the page needs a fresh start.